 Dungeon Crawl Stone Soup version bcrawl-1.15.1 (webtiles) character file.

Game seed: 14869240593666336113

75 2BsUSBport the Chopper (level 4, 0/41 HPs)
             Began as a Minotaur Berserker on Sept 26, 2019.
             Was a Believer of Trog.
             Killed from afar by an electric eel (8 damage)
             ... with a bolt of electricity
             ... on level 3 of the Dungeon on Sept 30, 2019.
             The game lasted 00:04:28 (1733 turns).

2BsUSBport the Chopper (Minotaur Berserker)         Turns: 1733, Time: 00:04:29

Health: 0/41       AC:  3    Str: 23    XL:     4   Next: 11%
Magic:  3/3        EV: 12    Int:  4    God:    Trog [**....]
Gold:   150        SH:  0    Dex:  9    Spells: 3/3 levels left

rFire    . . .     SeeInvis .   a - +0 hand axe
rCold    . . .     Gourm    .   (no shield)
rNeg     . . .     Faith    .   b - +0 animal skin
rPois    .         Spirit   .   (helmet restricted)
rElec    .         Reflect  .   d - +0 cloak
rCorr    .         Harm     .   (no gloves)
MR       .....                  (no boots)
Stlth    +.........             (no amulet)
HPRegen  0.13/turn              (no ring)
MPRegen  0.08/turn              (no ring)

@: no status effects
A: retaliatory headbutt, horns 2
a: Berserk, Trog's Hand, Renounce Religion


You were on level 3 of the Dungeon.
You worshipped Trog.
Trog was pleased with you.
You were not hungry.

You visited 1 branch of the dungeon, and saw 3 of its levels.

You collected 150 gold pieces.

Inventory:

Hand Weapons
 a - a +0 hand axe (weapon)
Armour
 b - a +0 animal skin (worn)
 d - a +0 cloak (worn)
Jewellery
 g - an uncursed ring of wizardry
 h - an uncursed ring of magical power {unknown}
Wands
 m - a wand of flame (15)
Scrolls
 e - a scroll of teleportation
 i - a scroll of fog {unknown}
 k - a scroll of remove curse {unknown}
 l - a scroll of identify
Potions
 f - a potion of flight {unknown}
 j - a potion of lignification {unknown}
Comestibles
 c - 2 rations {!d}


   Skills:
 + Level 4.4 Fighting
 + Level 4.8 Axes
 + Level 3.0 Armour
 + Level 2.5 Dodging
 + Level 0.1 Stealth


You had 3 spell levels left.
You didn't know any spells.
Your spell library was empty.

Dungeon Overview and Level Annotations

Branches:
Dungeon (3/12)

Altars:
Okawaru


Innate Abilities, Weirdness & Mutations

You reflexively headbutt those who attack you in melee.
You have a pair of horns on your head.


Message History

There are no items here.
There is a transporter landing site here.
You can't go down here!
You can't go up here!
You can't go down here!
You open the door.
The electric eel shoots out a bolt of lightning at you!
The bolt of electricity hits you! x2; The bolt of electricity hits the plant.
There is an open door here.
You are too injured to fight recklessly!
The electric eel shoots out a bolt of lightning at you!
The bolt of electricity hits you!
Found a ring mail.
You closely miss the electric eel. You barely miss the electric eel.
The electric eel shoots out a bolt of lightning at you!
The bolt of electricity hits you!
* * * LOW HITPOINT WARNING * * *
The electric eel shoots out a bolt of lightning at you!
The bolt of electricity hits you!
You die...

. ... .. # ###.........
#. ..##.##.#.# .
###.###.##...... ...
.[............# ..
#############.###.#
P#≈≈≈≈≈;;#P8#.....##
.#.....@.#..#g.#...#
?+...⌠!..'.©#©.....#
.#.......#..#......# ##
P#≈≈≈≈≈≈≈#P8#.##...# ...
#############.##...##.##
........................
.#......................
#(.......#.............
.##....#######...##.#


You could see 2 electric eels and a hobgoblin.

Vanquished Creatures
  Jessica (D:2)
  An ooze (D:3)
  2 worms (D:2)
  2 dart slugs
  2 bats
  2 giant cockroaches (D:2)
  4 goblins (D:2)
  2 hobgoblins
  4 jackals (D:1)
  6 kobolds
  A quokka (D:2)
  A ball python (D:2)
  4 frilled lizards
  2 rats
34 creatures vanquished.

Notes
Turn   | Place    | Note
-------+----------+-------------------------------------------
     0 | D:1      | 2BsUSBport the Minotaur Berserker began the quest for the
                  | Orb.
     0 | D:1      | Reached XP level 1. HP: 19/19 MP: 0/0
   244 | D:1      | Reached XP level 2. HP: 15/27 MP: 1/1
   827 | D:2      | Noticed Jessica
   841 | D:2      | Killed Jessica
   841 | D:2      | Reached XP level 3. HP: 21/33 MP: 2/2
  1138 | D:2      | Found an iron altar of Okawaru.
  1217 | D:2      | Found a faded altar of an unknown god.
  1581 | D:2      | Reached XP level 4. HP: 41/41 MP: 3/3
  1678 | D:3      | Reached ** piety under Trog
  1707 | D:3      | Found a transporter.
  1733 | D:3      | Killed from afar by an electric eel

Skill      XL: |  1  2 |
---------------+-------+-----
Axes           | 4 |  4.8
Fighting       | 4 |  4.4
Armour         | 3 |  3.0
Dodging        | |  2.5
Stealth        | |  0.1

Action                   |  1- 3 |  4- 6 || total
-------------------------+-------+-------++-------
Melee: Hand axe          |    71 |     8 ||    79
       Headbutt          |     9 |       ||     9
  Use: Scroll            |     3 |       ||     3
  Eat: Ration            |     1 |       ||     1
       Chunk             |     1 |       ||     1
Armor: Animal skin       |    10 |       ||    10
Dodge: Dodged            |    52 |     6 ||    58
